| TOP OF THE 1ST |
|
Bozeman Pheasants batting - Pitching for Williston Water Wolves : LHP Richard Whaley
|
|
Pitching: LHP Richard Whaley
|
|
|
Batting: RHB Willie Picchioni
|
0-0: Bunted foul 0-1: Foul Ball, location: 2F 0-2: Fly out, F7 (Flyball, 78S, EV 85.0 MPH)
|
|
Batting: RHB John Duncan
|
0-0: Ball 1-0: Called Strike 1-1: Ball 2-1: Fly out, F7 (Line Drive, 7, EV 105.0 MPH)
|
|
Batting: RHB Thomas Fettig
|
0-0: Called Strike 0-1: Ball 1-1: SINGLE (Groundball, 25, EV 66.9 MPH) (infield hit)
|
|
Batting: LHB David Nix
|
0-0: Swinging Strike 0-1: Swinging Strike 0-2: Ball 1-2: Ball 2-2: Fly out, F9 (Flyball, 89M, EV 89.4 MPH)
|
| Top of the 1st over - 0 runs, 1 hit, 0 errors, 1 left on base; Bozeman 0 - Williston 0 |
| BOTTOM OF THE 1ST |
|
Williston Water Wolves batting - Pitching for Bozeman Pheasants : RHP Jim Gott
|
|
Pitching: RHP Jim Gott
|
|
|
Batting: RHB Jim Reboulet
|
0-0: Called Strike 0-1: Ground out 6-3 (Groundball, 6, EV 86.3 MPH)
|
|
Batting: RHB Alexis Rendon
|
0-0: Ball 1-0: SINGLE (Line Drive, 8LS, EV 95.0 MPH)
|
|
Batting: RHB Pat Jelks
|
0-0: Ball 1-0: Fielders Choice at 2nd, 5-4 (Groundball, 56, EV 95.0 MPH)
|
|
Batting: RHB Pat Borders
|
0-0: Ball 1-0: Ball 2-0: Called Strike 2-1: Foul Ball, location: 2F 2-2: SINGLE (Groundball, 4MD, EV 94.4 MPH) Pat Jelks to second Runner from 2nd tries for 3rd, SAFE, throw by CF made to third
|
|
Batting: RHB Eric Lane
|
0-0: DOUBLE (Line Drive, 89D, EV 109.4 MPH) Pat Jelks scores Pat Borders to third Runner from 3rd tries for Home, SAFE, no throw by RF
|
|
Batting: RHB Jeff Hamilton
|
0-0: Ball 1-0: Foul Ball, location: 2F 1-1: Ball 2-1: Ball 3-1: SINGLE (Line Drive, 78S, EV 93.1 MPH) Eric Lane to third Runner from 3rd tries for Home, SAFE, throw by LF to home
|
|
Batting: SHB Charles Bertucio
|
0-0: Foul Ball, location: 2F 0-1: Fly out, F7 (Flyball, 7LM, EV 89.4 MPH)
|
| Bottom of the 1st over - 3 runs, 4 hits, 0 errors, 1 left on base; Bozeman 0 - Williston 3 |
| TOP OF THE 2ND |
|
Bozeman Pheasants batting - Pitching for Williston Water Wolves : LHP Richard Whaley
|
|
Batting: LHB Steve Padia
|
0-0: Ground out 3-1 (Groundball, 34S, EV 83.1 MPH)
|
|
Batting: LHB Russ Orrick
|
0-0: Foul Ball, location: 2F 0-1: Foul Ball, location: 2F 0-2: Foul Ball, location: 2F 0-2: Ball 1-2: Foul Ball, location: 2F 1-2: Ball 2-2: Foul Ball, location: 2F 2-2: Ground out 4-3 (Groundball, 4, EV 90.6 MPH)
|
|
Batting: RHB Tom Duggan
|
0-0: Ball 1-0: SINGLE (Flyball, 5D, EV 85.6 MPH)
|
|
Batting: LHB Billy Fink
|
0-0: Ball 1-0: Swinging Strike 1-1: Fly out, F9 (Flyball, 9LS, EV 98.1 MPH)
|
| Top of the 2nd over - 0 runs, 1 hit, 0 errors, 1 left on base; Bozeman 0 - Williston 3 |
| BOTTOM OF THE 2ND |
|
Williston Water Wolves batting - Pitching for Bozeman Pheasants : RHP Jim Gott
|
|
Batting: RHB Jose Lind
|
0-0: Ball 1-0: SINGLE (Groundball, 4D, EV 96.9 MPH)
|
|
Batting: RHB Tex Morgan
|
0-0: Foul Ball, location: 2F 0-1: Ball 1-1: Fielders Choice at 2nd, 4-6 (Groundball, 34, EV 103.1 MPH)
|
|
Batting: RHB Jim Reboulet
|
0-0: Ball 1-0: Swinging Strike 1-1: Called Strike 1-2: Strikes out swinging
|
|
Batting: RHB Alexis Rendon
|
0-0: Foul Ball, location: 2F 0-1: Ball 1-1: Called Strike 1-2: Ball 2-2: Foul Ball, location: 2F 2-2: Foul Ball, location: 2F 2-2: Foul Ball, location: 2F 2-2: Strikes out swinging
|
| Bottom of the 2nd over - 0 runs, 1 hit, 0 errors, 1 left on base; Bozeman 0 - Williston 3 |
| TOP OF THE 3RD |
|
Bozeman Pheasants batting - Pitching for Williston Water Wolves : LHP Richard Whaley
|
|
Batting: RHB Greg Toler
|
0-0: Fly out, F8 (Line Drive, 8LD, EV 89.4 MPH)
|
|
Batting: RHB Willie Picchioni
|
0-0: Ball 1-0: Foul Ball, location: 2F 1-1: Ball 2-1: Ground out 5-3 (Groundball, 5, EV 90.6 MPH)
|
|
Batting: RHB John Duncan
|
0-0: Ball 1-0: Foul Ball, location: 2F 1-1: Foul Ball, location: 2F 1-2: Ball 2-2: SINGLE (Flyball, 7LS, EV 94.4 MPH)
|
|
Batting: RHB Thomas Fettig
|
0-0: Called Strike 0-1: Ball 1-1: Ball 2-1: Foul Ball, location: 2F 2-2: Ball 3-2: Strikes out looking
|
| Top of the 3rd over - 0 runs, 1 hit, 0 errors, 1 left on base; Bozeman 0 - Williston 3 |
| BOTTOM OF THE 3RD |
|
Williston Water Wolves batting - Pitching for Bozeman Pheasants : RHP Jim Gott
|
|
Batting: RHB Pat Jelks
|
0-0: Foul Ball, location: 2F 0-1: Called Strike 0-2: Ball 1-2: Ball 2-2: Foul Ball, location: 2F 2-2: Reached on error, E3 (Groundball, 34S, EV 69.4 MPH)
|
|
Batting: RHB Pat Borders
|
0-0: Fly out, F7 (Flyball, 7LS, EV 91.9 MPH)
|
|
Batting: RHB Eric Lane
|
0-0: Ball 1-0: Swinging Strike 1-1: Ball 2-1: Grounds into double play, 4-6-3 (Groundball, 4S, EV 86.3 MPH)
|
| Bottom of the 3rd over - 0 runs, 0 hits, 1 error, 0 left on base; Bozeman 0 - Williston 3 |
| TOP OF THE 4TH |
|
Bozeman Pheasants batting - Pitching for Williston Water Wolves : LHP Richard Whaley
|
|
Batting: LHB David Nix
|
0-0: Ball 1-0: Ball 2-0: Foul Ball, location: 2F 2-1: DOUBLE (Groundball, 3L, EV 104.4 MPH)
|
|
Batting: LHB Steve Padia
|
0-0: Foul Ball, location: 2F 0-1: Ball 1-1: Ball 2-1: Fly out, F8 (Flyball, 8RXD, EV 100.6 MPH) Runner from 2nd tags up, SAFE at 3rd, no throw by CF
|
|
Batting: LHB Russ Orrick
|
0-0: Called Strike 0-1: Called Strike 0-2: Ball 1-2: Strikes out swinging
|
|
Batting: RHB Tom Duggan
|
0-0: Ball 1-0: Ball Wild Pitch! David Nix scores 2-0: Called Strike 2-1: Foul Ball, location: 2F 2-2: Strikes out swinging
|
| Top of the 4th over - 1 run, 1 hit, 0 errors, 0 left on base; Bozeman 1 - Williston 3 |
| BOTTOM OF THE 4TH |
|
Williston Water Wolves batting - Pitching for Bozeman Pheasants : RHP Jim Gott
|
|
Batting: RHB Jeff Hamilton
|
0-0: Ball 1-0: Fly out, F7 (Line Drive, 7, EV 95.0 MPH)
|
|
Batting: SHB Charles Bertucio
|
0-0: Called Strike 0-1: Ground out 1-3 (Groundball, P, EV 73.1 MPH)
|
|
Batting: RHB Jose Lind
|
0-0: Foul Ball, location: 2F 0-1: Ball 1-1: Fly out, F8 (Line Drive, 8RM, EV 93.8 MPH)
|
| Bottom of the 4th over - 0 runs, 0 hits, 0 errors, 0 left on base; Bozeman 1 - Williston 3 |
| TOP OF THE 5TH |
|
Bozeman Pheasants batting - Pitching for Williston Water Wolves : LHP Richard Whaley
|
|
Batting: LHB Billy Fink
|
0-0: SINGLE (Flyball, 56D, EV 80.0 MPH)
|
|
Batting: RHB Greg Toler
|
0-0: Swinging Strike 0-1: Foul Ball, location: 2F 0-2: Ball 1-2: Foul Ball, location: 2F 1-2: Foul Ball, location: 2F 1-2: Ball Billy Fink steals 2nd base 2-2: Ball 3-2: Foul Ball, location: 2F 3-2: Base on Balls
|
|
Batting: RHB Willie Picchioni
|
0-0: Ball Billy Fink steals 3rd base 1-0: Fly out, F8 (Flyball, 89S, EV 88.8 MPH)
|
|
Batting: RHB John Duncan
|
0-0: Fly out, F8 (Flyball, 8LD, EV 99.4 MPH) Runner from 3rd tags up, SCORES, throw by CF
|
|
Batting: RHB Thomas Fettig
|
0-0: Called Strike 0-1: Foul Ball, location: 2F 0-2: Strikes out looking
|
| Top of the 5th over - 1 run, 1 hit, 0 errors, 1 left on base; Bozeman 2 - Williston 3 |
| BOTTOM OF THE 5TH |
|
Williston Water Wolves batting - Pitching for Bozeman Pheasants : RHP Jim Gott
|
|
Batting: RHB Tex Morgan
|
0-0: Called Strike 0-1: Ball 1-1: Ground out 5-3 (Groundball, 56, EV 83.1 MPH)
|
|
Batting: RHB Jim Reboulet
|
0-0: Ball 1-0: Called Strike 1-1: SINGLE (Groundball, 56, EV 104.4 MPH)
|
|
Batting: RHB Alexis Rendon
|
0-0: Called Strike 0-1: Ball Jim Reboulet steals 2nd base 1-1: Ball 2-1: 2-RUN HOME RUN (Flyball, 7D, EV 95.0 MPH), Distance : 379 ft
|
|
Batting: RHB Pat Jelks
|
0-0: Ball 1-0: SINGLE (Line Drive, 56D, EV 100.6 MPH)
|
|
Batting: RHB Pat Borders
|
0-0: Foul Ball, location: 2F 0-1: Ball 1-1: Ball 2-1: Foul Ball, location: 2F 2-2: Grounds into double play, 5-4-3 (Groundball, 5, EV 83.1 MPH)
|
| Bottom of the 5th over - 2 runs, 3 hits, 0 errors, 0 left on base; Bozeman 2 - Williston 5 |
| TOP OF THE 6TH |
|
Bozeman Pheasants batting - Pitching for Williston Water Wolves : LHP Richard Whaley
|
|
Batting: LHB David Nix
|
0-0: Called Strike 0-1: Called Strike 0-2: Strikes out swinging
|
|
Batting: LHB Steve Padia
|
0-0: Ball 1-0: Ball 2-0: Ball 3-0: Base on Balls
|
|
Batting: LHB Russ Orrick
|
0-0: Ball 1-0: Called Strike 1-1: Ball 2-1: Ball 3-1: Called Strike 3-2: Foul Ball, location: 2F 3-2: Foul Ball, location: 2F 3-2: Foul Ball, location: 2F 3-2: Fielders Choice at 2nd, 6-4 (Groundball, 6, EV 85.0 MPH)
|
|
Batting: RHB Tom Duggan
|
0-0: Called Strike 0-1: Swinging Strike 0-2: Ball 1-2: SINGLE (Groundball, 4D, EV 96.3 MPH) Russ Orrick to second Runner from 2nd tries for 3rd, SAFE, no throw by RF
|
|
Batting: LHB Billy Fink
|
0-0: Ground out 6-3 (Groundball, 4M, EV 86.3 MPH)
|
| Top of the 6th over - 0 runs, 1 hit, 0 errors, 2 left on base; Bozeman 2 - Williston 5 |
| BOTTOM OF THE 6TH |
|
Williston Water Wolves batting - Pitching for Bozeman Pheasants : RHP Jim Gott
|
|
Batting: RHB Eric Lane
|
0-0: SOLO HOME RUN (Flyball, 7D, EV 102.5 MPH), Distance : 389 ft
|
|
Pitching: LHP Cesar Maldonado
|
|
|
Batting: RHB Jeff Hamilton
|
0-0: Ball 1-0: Ball 2-0: DOUBLE (Flyball, 78D, EV 101.9 MPH)
|
|
Batting: SHB Charles Bertucio
|
0-0: Ball 1-0: Ball 2-0: Foul Ball, location: 2F 2-1: Hit by Pitch
|
|
Batting: RHB Jose Lind
|
0-0: Ball 1-0: Swinging Strike 1-1: Foul Ball, location: 2F 1-2: Ball 2-2: Ball 3-2: Base on Balls Jeff Hamilton to third Charles Bertucio to second
|
|
Batting: RHB Tex Morgan
|
0-0: Called Strike 0-1: Reached on error, E6 (Groundball, 6, EV 101.9 MPH) Jeff Hamilton scores Charles Bertucio to third Jose Lind to second
|
|
Batting: RHB Jim Reboulet
|
0-0: Fly out, F9 (Line Drive, 9, EV 99.4 MPH)
|
|
Batting: RHB Alexis Rendon
|
0-0: Ball 1-0: Ball 2-0: Fielders Choice at 2nd, 3-6 (Groundball, 34, EV 107.5 MPH) Charles Bertucio scores Jose Lind to third
|
|
Batting: RHB Pat Jelks
|
0-0: Called Strike 0-1: Fly out, F9 (Line Drive, 9D, EV 85.0 MPH)
|
| Bottom of the 6th over - 3 runs, 2 hits, 1 error, 2 left on base; Bozeman 2 - Williston 8 |
| TOP OF THE 7TH |
|
Bozeman Pheasants batting - Pitching for Williston Water Wolves : LHP Richard Whaley
|
|
Batting: RHB Greg Toler
|
0-0: Called Strike 0-1: Ball 1-1: Ball 2-1: Ball 3-1: Foul Ball, location: 2F 3-2: Ground out 5-3 (Groundball, 5L, EV 90.0 MPH)
|
|
Batting: RHB Willie Picchioni
|
0-0: Ground out 6-3 (Groundball, 6, EV 85.0 MPH)
|
|
Batting: RHB John Duncan
|
0-0: Ground out 6-3 (Groundball, 6M, EV 104.4 MPH)
|
| Top of the 7th over - 0 runs, 0 hits, 0 errors, 0 left on base; Bozeman 2 - Williston 8 |
| BOTTOM OF THE 7TH |
|
Williston Water Wolves batting - Pitching for Bozeman Pheasants : LHP Cesar Maldonado
|
|
Batting: RHB Pat Borders
|
0-0: Ball 1-0: Ball 2-0: Called Strike 2-1: Foul Ball, location: 2F 2-2: Foul Ball, location: 2F 2-2: Strikes out swinging, 2-3 out at first.
|
|
Batting: RHB Eric Lane
|
0-0: Ball 1-0: Called Strike 1-1: Swinging Strike 1-2: Foul Ball, location: 2F 1-2: Strikes out swinging
|
|
Batting: RHB Jeff Hamilton
|
0-0: Called Strike 0-1: Swinging Strike 0-2: Ball 1-2: Ball 2-2: Ball 3-2: Fly out, F8 (Line Drive, 8RM, EV 94.4 MPH)
|
| Bottom of the 7th over - 0 runs, 0 hits, 0 errors, 0 left on base; Bozeman 2 - Williston 8 |
| TOP OF THE 8TH |
|
Bozeman Pheasants batting - Pitching for Williston Water Wolves : LHP Richard Whaley
|
|
Batting: RHB Thomas Fettig
|
0-0: Called Strike 0-1: Ball 1-1: Called Strike 1-2: Ground out 6-3 (Groundball, 6, EV 81.9 MPH)
|
|
Batting: LHB David Nix
|
0-0: Ball 1-0: Ball 2-0: Fly out, F6 (Popup, 6MS, EV 58.1 MPH)
|
|
Batting: LHB Steve Padia
|
0-0: Called Strike 0-1: Ball 1-1: Called Strike 1-2: Foul Ball, location: 2F 1-2: Ball 2-2: Foul Ball, location: 2F 2-2: Fly out, F4 (Popup, 4S, EV 81.3 MPH)
|
| Top of the 8th over - 0 runs, 0 hits, 0 errors, 0 left on base; Bozeman 2 - Williston 8 |
| BOTTOM OF THE 8TH |
|
Williston Water Wolves batting - Pitching for Bozeman Pheasants : LHP Cesar Maldonado
|
|
Batting: SHB Charles Bertucio
|
0-0: Swinging Strike 0-1: Fly out, F7 (Flyball, 7LM, EV 94.4 MPH)
|
|
Batting: RHB Jose Lind
|
0-0: Called Strike 0-1: Ground out 5-3 (Groundball, 56S, EV 81.3 MPH)
|
|
Batting: RHB Tex Morgan
|
0-0: Called Strike 0-1: Ball 1-1: Foul Ball, location: 2F 1-2: Ground out 6-3 (Groundball, 6, EV 107.5 MPH)
|
| Bottom of the 8th over - 0 runs, 0 hits, 0 errors, 0 left on base; Bozeman 2 - Williston 8 |
| TOP OF THE 9TH |
|
Bozeman Pheasants batting - Pitching for Williston Water Wolves : LHP Richard Whaley
|
|
Batting: LHB Russ Orrick
|
0-0: Fly out, F7 (Flyball, 7LM, EV 84.4 MPH)
|
|
Batting: RHB Tom Duggan
|
0-0: Ball 1-0: Called Strike 1-1: Ball 2-1: SINGLE (Line Drive, 8LS, EV 113.1 MPH)
|
|
Batting: LHB Billy Fink
|
0-0: Fly out, F3 (Line Drive, 3, EV 70.0 MPH)
|
|
Batting: RHB Greg Toler
|
0-0: SINGLE (Groundball, 56D, EV 94.4 MPH) Tom Duggan to second
|
|
Batting: RHB Willie Picchioni
|
0-0: Foul Ball, location: 2F 0-1: SINGLE (Groundball, 56D, EV 105.0 MPH) Tom Duggan to third Greg Toler to second
|
|
Pitching: RHP Stan Fansler
|
|
|
Batting: RHB John Duncan
|
0-0: Swinging Strike 0-1: Ball 1-1: Fly out, F8 (Flyball, 78M, EV 89.4 MPH)
|
| Top of the 9th over - 0 runs, 3 hits, 0 errors, 3 left on base; Bozeman 2 - Williston 8 |
|